 Dungeon Crawl Stone Soup version 0.19-a0-36-g4a0968a (webtiles) character file.

1374 Duffy the Grappler (level 8, -4/61 HPs)
             Began as a Ghoul Gladiator on May 3, 2016.
             Slain by an orc warrior
             ... wielding a +2 flail of draining
              (10 damage)
             ... on level 5 of the Dungeon.
             The game lasted 00:06:16 (4845 turns).

Duffy the Grappler (Ghoul Gladiator)                Turns: 4845, Time: 00:06:16

Health: -4/61      AC:  7    Str: 19    XL:     8   Next: 66%
Magic:  7/7        EV: 11    Int:  4    God:
Gold:   147        SH:  0    Dex: 10    Spells: 0 memorised, 7 levels left

rFire  . . .     SeeInvis +       - Unarmed
rCold  + . .     Gourm    .     h - +0 ring mail
rNeg   + + +     Faith    .     (no shield)
rPois  ∞         Spirit   .     b - +0 helmet
rElec  .         Dismiss  .     (no cloak)
rCorr  .         Reflect  .     s - +0 pair of gloves
SustAt .         Harm     .     (no boots)
MR     .....                    w - amulet of rage
Stlth  ..........               x - +1 ring of slaying
                                j - ring of see invisible

@: rotting, not resistant to hostile enchantments, extremely unstealthy
A: rotting body, claws 1, carnivore 3, cold resistance 1, negative energy
resistance 3, slow regeneration 1, torment resistance, unbreathing
a: no special abilities


You were on level 5 of the Dungeon.
You were not hungry.

You visited 1 branch of the dungeon, and saw 6 of its levels.

You collected 255 gold pieces.
You spent 108 gold pieces at shops.


Innate Abilities, Weirdness & Mutations

Your body is rotting away.
You thrive on raw meat.
You are immune to poison.
You have sharp fingernails.
You are carnivorous and can eat meat at any time.
Your flesh is cold resistant.
You are immune to negative energy.
You regenerate slowly when monsters are visible.
You are immune to unholy pain and torment.
You can survive without breathing.


   Skills:
 - Level 2.2 Fighting
 - Level 2.0 Throwing
 - Level 2.6 Dodging
 + Level 11.5 Unarmed Combat


You had 7 spell levels left.
You didn't know any spells.

Inventory:

Missiles
 c - 3 throwing nets (quivered)
 l - 6 tomahawks
Armour
 a - a +0 leather armour
 b - a +0 helmet (worn)
 h - a +0 ring mail (worn)
 s - a +0 pair of gloves (worn)
Jewellery
 j - a ring of see invisible (left hand)
 w - an amulet of rage (around neck)
 x - a +1 ring of slaying (right hand)
Scrolls
 e - 4 scrolls of blinking {unknown}
 f - 6 scrolls of identify {unknown}
 k - a scroll of recharging {unknown}
 m - 2 scrolls of remove curse {unknown}
 p - a scroll of fog {unknown}
 q - 4 scrolls of teleportation {unknown}
 r - a scroll of enchant weapon {unknown}
 v - a scroll of random uselessness {unknown}
 y - a scroll of noise {unknown}
Potions
 i - a potion of cure mutation {unknown}
 n - 4 potions of heal wounds
 o - a potion of might
 u - a potion of ambrosia {unknown}
Comestibles
 d - 6 meat rations
 g - a royal jelly
 t - 2 chunks of flesh

Dungeon Overview and Level Annotations

Branches:
Dungeon (6/15)
 Temple: D:4-7

Altars:
Fedhas
Kikubaaqudgha
Okawaru
Qazlal
Ru
Sif Muna
Trog
Xom
Yredelemnul
The Shining One

Shops:
D:4 !(


Message History

The howler monkey barely misses you.
The howler monkey bites you but does no damage.
The orc hits you but does no damage.
You climb upwards.
There is a stone staircase leading down here.
The orc warrior completely misses you.
The howler monkey closely misses you. x2
The howler monkey hits you.
The howler monkey bites you but does no damage.
The orc warrior hits you with a flail of draining!
You see here 22 arrows.
The howler monkey hoots and howls with incredible vigour!
You are too injured to fight recklessly!
You are too injured to fight recklessly!
You are too injured to fight recklessly!
You barely miss the orc warrior.
You punch the orc warrior, but do no damage.
The orc warrior hits you with a flail of draining!
You barely miss the orc warrior.
The howler monkey hoots and howls with incredible vigour!
You hit the orc warrior.
The orc warrior is lightly wounded.
The orc warrior hits you with a flail of draining!
You punch the orc warrior!
The orc warrior is heavily wounded.
The orc warrior barely misses you.
You punch the orc warrior!
The orc warrior is almost dead.
Drink which item? (? for menu, Esc to quit)
You feel much better.
The orc warrior hits you with a flail of draining!
You hit the orc warrior but do no damage.
The orc warrior is almost dead.
The orc warrior hits you with a flail of draining.
You barely miss the orc warrior. Your punch misses the orc warrior.
The orc warrior is almost dead.
You barely miss the orc warrior.
The orc warrior is almost dead.
The orc warrior hits you with a flail of draining!
You hit the orc warrior but do no damage.
Your punch misses the orc warrior.
The orc warrior is almost dead.
The orc warrior hits you with a flail of draining.
You barely miss the orc warrior.
The orc warrior is almost dead.
The howler monkey hoots and howls with incredible vigour!
You hit the orc warrior but do no damage.
You punch the orc warrior, but do no damage.
The orc warrior is almost dead.
The orc warrior hits you with a flail of draining!
You die...

##########.####..#######..##....#
.................#........##.....
##########.####.##.##########....
#.# #.##.# ##... #.# #.##.# ####
#.# #.h#.# #.. #.# ##o#.# ##. #.#
#o#.# ####### #. #.#
#@#.####.....####. #.#
#.#.##...###......
#.#####........# #......
#..............###.###..
#####################.#.....# #..
...##.........# #.###.### #..
.#.....######.# #.# #.#####..
...##.#######.##### #.# #........
#######...........# #.###..####.#


You could see an orc warrior, a howler monkey and an orc.

Action                   |  1- 3 |  4- 6 |  7- 9 || total
-------------------------+-------+-------+-------++-------
Melee: Unarmed           |   146 |    84 |   192 ||   422
       Punch             |     1 |     2 |     7 ||    10
  Use: Potion            |       |       |     1 ||     1
  Eat: Chunk             |    10 |    12 |    21 ||    43
Armor: Leather armour    |    18 |       |       ||    18
       Ring mail         |    35 |    11 |    67 ||   113
Dodge: Dodged            |   108 |    38 |    94 ||   240

Notes
Turn   | Place    | Note
--------------------------------------------------------------
     0 | D:1      | Duffy the Ghoul Gladiator began the quest for the Orb.
     0 | D:1      | Reached XP level 1. HP: 17/17 MP: 0/0
    55 | D:1      | Reached skill level 2 in Throwing
   127 | D:1      | Reached XP level 2. HP: 6/24 MP: 1/1
   429 | D:1      | Reached skill level 4 in Unarmed Combat
   759 | D:1      | Reached XP level 3. HP: 27/27 MP: 2/2
   894 | D:2      | Found an iron altar of Okawaru.
   940 | D:2      | Found a glowing golden altar of the Shining One.
  1787 | D:3      | Found a sacrificial altar of Ru.
  1855 | D:3      | Noticed Grinder
  1892 | D:2      | Paralysed by Grinder for 5 turns
  1904 | D:2      | Paralysed by Grinder for 3 turns
  2040 | D:3      | Reached skill level 5 in Unarmed Combat
  2040 | D:3      | Reached XP level 4. HP: 8/36 MP: 3/3
  2171 | D:2      | Killed Grinder
  2171 | D:2      | Reached skill level 7 in Unarmed Combat
  2171 | D:2      | Reached XP level 5. HP: 18/40 MP: 4/4
  2171 | D:2      | Reached XP level 6. HP: 21/47 MP: 5/5
  2373 | D:3      | Found a basalt altar of Yredelemnul.
  2406 | D:3      | Found a bloodstained altar of Trog.
  2560 | D:3      | Reached skill level 8 in Unarmed Combat
  2629 | D:3      | Found an ancient bone altar of Kikubaaqudgha.
  2815 | D:3      | Found a blossoming altar of Fedhas.
  2925 | D:3      | Reached XP level 7. HP: 55/55 MP: 6/6
  2980 | D:4      | Found Gocaz's Distillery.
  3007 | D:4      | Bought a potion of heal wounds for 60 gold pieces
  3015 | D:4      | Found a shimmering altar of Xom.
  3259 | D:4      | Found Oxegin's Antique Weapon Emporium.
  3430 | D:4      | Bought a potion of might for 48 gold pieces
  3434 | D:5      | Entered Level 5 of the Dungeon
  3473 | D:5      | Found a stormy altar of Qazlal.
  3522 | D:5      | Reached skill level 9 in Unarmed Combat
  3882 | D:5      | Found a deep blue altar of Sif Muna.
  4048 | D:5      | Reached skill level 10 in Unarmed Combat
  4048 | D:5      | Reached XP level 8. HP: 46/61 MP: 7/7
  4144 | D:5      | Noticed a moth of wrath
  4147 | D:5      | Found a bloodstained altar of Trog.
  4573 | D:6      | Reached skill level 11 in Unarmed Combat
  4845 | D:5      | Slain by an orc warrior

Skill      XL: |  1  2  3  4  5  6  7  8 |
---------------+-------------------------+-----
Throwing       | 2 |  2.0
Unarmed Combat | 4 5 7 8 10 11 | 11.5
Fighting       | |  2.2
Dodging        | |  2.6

Vault maps used:
D:1:      onia_arrival_handbag, fountainhead
D:2:      overflow_temple_1_default, lemuel_crystal_altar, serial_glass,
          glass_columns_c, glass_columns_b, minmay_misc_feat_cross
D:3:      fedhas_altar_fruit_tree, kiku_gazebo_garden_becter,
          overflow_temple_1_default, lightli_temple_of_fire,
          nicolae_ru_awakened_eye, minmay_ogre_servants, uniq_grinder
D:4:      serial_shops, nicolae_shop_behind_doors, nicolae_shop_statue_plus,
          first_bread, xom_teletrap_fun
D:5:      lemuel_doored_altar, led_sif_pool, hangedman_abyss_or_decor_stabs,
          st_stairs_8, tgw_trog
D:6:      grunt_temple_overflow_opulence, overflow_temple_1_default

Vanquished Creatures
  Grinder
  4 sky beasts
  2 ogres
  2 centaurs
  A crimson imp
  A giant frog zombie
  A centaur skeleton
  A jelly
  2 hounds
  An iguana
  3 worker ants
  5 adders
  4 gnolls
  3 shadow imps
  An adder zombie
  An adder skeleton
  4 worms
  A dart slug
  2 giant geckos
  3 orcs
  10 bats
  5 giant cockroaches
  19 goblins
  6 hobgoblins
  2 jackals
  4 ball pythons
  4 giant newts
  A jackal skeleton
  5 kobolds
  10 rats
109 creatures vanquished.
